 Dungeon Sprint DCSS version 0.28-a0-1395-g4f6bc678fa (webtiles) character file.

Game seed: 195557962706197731

8600000 jt the Axe Maniac (level 27, -11/199 HPs)
             Began as a Gargoyle Abyssal Knight on Jan 4, 2022.
             Was the Champion of Makhleb.
             Killed by divine providence
             ... invoked by an accursed
              (13 damage)
             ... in the Dungeon (Sprint VIII: "Arena of Blood").
             The game lasted 00:05:08 (86 turns).

jt the Axe Maniac (Gargoyle Abyssal Knight)           Turns: 86, Time: 00:05:09

Health: -11/199    AC: 27    Str: 20    XL:     27
Magic:  34/54      EV: 16    Int: 12    God:    Makhleb [******]
Gold:   0          SH:  0    Dex: 20    Spells: 80/80 levels left

rFire   . . .      SeeInvis +   i - +∞ Axe of Woe
rCold   . . .      Faith    .   (shield currently unavailable)
rNeg    + . .      Spirit   .   b - +0 leather armour
rPois   ∞          Reflect  .   (no helmet)
rElec   +          Harm     .   (no cloak)
rCorr   .          Rampage  .   (no gloves)
Will    ++...      NoTele   +   (no boots)
Stlth   ++++++++++              (no amulet)
HPRegen 0.43/turn               l - ring of see invisible
MPRegen 0.34/turn               (no ring)

@: flying, held
A: sickness immunity, AC +20, big wings, negative energy resistance 1,
electricity resistance, torment resistance 1, petrification resistance
a: Renounce Religion, Minor Destruction, Lesser Servant of Makhleb, Major
Destruction, Greater Servant of Makhleb


You were in the Dungeon.
You worshipped Makhleb.
Makhleb was exalted by your worship.
You visited 1 branch

Inventory:

Hand Weapons
 a - a +1 hand axe
 i - the +∞ Axe of Woe (weapon)
   (You found it in the Dungeon)
 j - a +9 great sword
Armour
 b - a +0 leather armour (worn)
Jewellery
 k - a +250 ring of slaying
 l - a ring of see invisible (left hand)
Potions
 c - a potion of curing
 d - a potion of heal wounds
 e - a potion of haste
 f - 2 potions of magic
 g - a potion of berserk rage


   Skills:
 O Level 27 Fighting
 O Level 27 Short Blades
 O Level 27 Long Blades
 O Level 27 Axes
 O Level 27 Maces & Flails
 O Level 27 Polearms
 O Level 27 Staves
 + Level 15.5(18.1) Slings
 + Level 16.5 Bows
 + Level 16.6 Crossbows
 + Level 15.4(18.0) Throwing
 O Level 27 Armour
 O Level 27 Dodging
 O Level 27 Stealth
 + Level 18.0 Shields
 O Level 27 Unarmed Combat
 O Level 27 Spellcasting
 + Level 18.1 Conjurations
 + Level 15.3 Hexes
 + Level 15.5 Summonings
 + Level 14.2 Necromancy
 + Level 15.4 Translocations
 + Level 14.3 Transmutations
 + Level 16.8 Fire Magic
 + Level 16.6 Ice Magic
 + Level 14.2 Air Magic
 + Level 19.8 Earth Magic
 + Level 16.6 Poison Magic
 O Level 27 Invocations
 + Level 15.3 Evocations


You had 80 spell levels left.
You didn't know any spells.
Your spell library was empty.

Dungeon Overview and Level Annotations

Branches:
Dungeon (1/1)

Altars:
Makhleb

Annotations:
D The Captor


Innate Abilities, Weirdness & Mutations

You are immune to sickness and miasma.
Your stone body is resilient. (AC +20)
You are immune to poison.
Your large and strong wings let you fly.
You resist negative energy. (rN+)
You are resistant to electric shocks. (rElec)
You are resistant to unholy torment.
You are immune to petrification.


Message History

The bag of meat hits you with a +9 war axe!
A bag of meat comes into view. It is wielding a +9 war axe.
You hear a shout! x2
A bag of meat comes into view. It is wielding a +9 war axe.
The large bag of meat hits you with a +9 giant spiked club!!!!
* * * LOW HITPOINT WARNING * * *
The large bag of meat hits you with a +9 giant spiked club!
* * * LOW HITPOINT WARNING * * *
The bag of meat moves out of view.
A meat beast comes into view.
The bag of meat shouts!
The meat beast croaks.
You slash the large bag of meat!
Flame seeps out of the large bag of meat.
You fatally mangle the large bag of meat.
Makhleb accepts your kill.
You feel better.
You slash the bag of meat! You chop the bag of meat into pieces.
You kill the bag of meat!
Makhleb accepts your kill.
The large bag of meat explodes!
The fiery explosion engulfs the large bag of meat!!
The fiery explosion engulfs you!!
* * * LOW HITPOINT WARNING * * *
The fiery explosion engulfs the meat berserker!!
You are engulfed in blazing flames.
* * * LOW HITPOINT WARNING * * *
You hear a shout! x6
The destroyer is engulfed in blazing flames.
You hear a shout!
A tyrant comes into view.
The meat berserker is engulfed in blazing flames.
You hear a shout!
The Captor casts a spell at you.
The stream of webbing hits you but does no damage.
You are caught in a web!
The large bag of meat is engulfed in blazing flames.
You hear a shout!
The accursed gestures at you while chanting.
Something smites you!
You die... # #..ooo # #....2 .# .### #....# D.L

.. ....
#...z##.......# ..
#..o..#W. ..#......
#=§°§..###..........
#.§OO.##.o..#.......
#.§@§#...M....#.....
#..)§#)X............
#..V°@2o§........###
#.o§§§oM)).........#
#..o...D§.§........#
#..o...§))#......X..
#.o......#§#)#).....
#.o......§#.#))X.L.§
#..###...#.#.#☼)..X)


You could see an accursed, 2 meat beasts, a tyrant, an eight-headed meat hydra,
a destroyer, a sculptor of flesh, a large bag of meat (inner flame), The Captor
(fast), a wretched soul (invisible), a meat berserker (berserk) and 10 bags of
meat.

Vanquished Creatures
  10 vampire knights (D)
  25 ogres (D)
  9 two-headed ogres (D)
  2 liches (D)
  52 orcs (D)
  A phantom (D)
  4 skeletal warriors (D)
103 creatures vanquished.

Vanquished Creatures (others)
  An orc (D)
1 creature vanquished.

Grand Total: 104 creatures vanquished

Notes
Turn   | Place    | Note
-------+----------+-------------------------------------------
     0 | D        | Found the +∞ Axe of Woe
     0 | D        | jt the Gargoyle Abyssal Knight began the quest for the Orb.
     0 | D        | Reached XP level 1. HP: 14/14 MP: 2/2
     3 | D        | Noticed a bag of meat
     4 | D        | Fell from the grace of Lugonu
     4 | D        | Became a worshipper of Makhleb the Destroyer
     4 | D        | Noticed a meat berserker
     4 | D        | Noticed a bag of meat
     5 | D        | Noticed a bag of meat
     6 | D        | Noticed a bag of meat
     6 | D        | Noticed a bag of meat
     6 | D        | Noticed a bag of meat
     7 | D        | Noticed a bag of meat
     7 | D        | Noticed a bag of meat
     7 | D        | Noticed a bag of meat
     7 | D        | Noticed a meat berserker
     7 | D        | Noticed a bag of meat
     8 | D        | Killed a meat berserker
     8 | D        | Noticed a bag of meat
     8 | D        | Noticed a bag of meat
     8 | D        | Noticed a bag of meat
     8 | D        | Noticed a bag of meat
     9 | D        | Reached XP level 2. HP: 19/19 MP: 3/3
     9 | D        | Reached XP level 3. HP: 23/23 MP: 4/4
     9 | D        | Reached XP level 4. HP: 28/28 MP: 5/5
     9 | D        | Reached XP level 5. HP: 32/32 MP: 6/6
     9 | D        | Reached XP level 6. HP: 37/37 MP: 7/7
     9 | D        | Reached XP level 7. HP: 41/41 MP: 8/8
     9 | D        | Reached XP level 8. HP: 46/46 MP: 9/9
     9 | D        | Reached XP level 9. HP: 51/51 MP: 10/10
     9 | D        | Reached XP level 10. HP: 56/56 MP: 11/11
     9 | D        | Reached XP level 11. HP: 60/60 MP: 12/12
     9 | D        | Reached XP level 12. HP: 64/64 MP: 13/13
     9 | D        | Noticed a bag of meat
     9 | D        | Noticed a bag of meat
     9 | D        | Noticed a bag of meat
     9 | D        | Noticed a bag of meat
    10 | D        | Killed a bag of meat
    10 | D        | Reached * piety under Makhleb
    10 | D        | Killed a meat berserker
    10 | D        | Noticed a bag of meat
    10 | D        | Noticed a meat berserker
    10 | D        | Noticed a bag of meat
    10 | D        | Noticed a meat berserker
    11 | D        | Reached skill level 27 in Axes
    11 | D        | Reached skill level 10 in Dodging
    11 | D        | Reached XP level 13. HP: 88/88 MP: 14/14
    11 | D        | Killed a bag of meat
    11 | D        | Killed a bag of meat
    11 | D        | Reached ** piety under Makhleb
    11 | D        | Noticed a meat berserker
    11 | D        | Noticed a bag of meat
    12 | D        | Gained mutation: Your large and strong wings let you fly.
                  | [Gargoyle growth]
    12 | D        | Reached XP level 14. HP: 100/100 MP: 15/15
    12 | D        | Killed a bag of meat
    12 | D        | Killed a bag of meat
    12 | D        | Killed a bag of meat
    12 | D        | Reached *** piety under Makhleb
    13 | D        | Reached skill level 15 in Dodging
    13 | D        | Reached XP level 15. HP: 112/112 MP: 16/16
    15 | D        | Killed a meat berserker
    15 | D        | Reached **** piety under Makhleb
    15 | D        | Reached ***** piety under Makhleb
    16 | D        | Reached XP level 16. HP: 130/130 MP: 17/17
    17 | D        | Killed a meat berserker
    18 | D        | Reached skill level 27 in Fighting
    18 | D        | Reached skill level 27 in Armour
    18 | D        | Reached XP level 17. HP: 139/139 MP: 18/18
    18 | D        | Noticed a large bag of meat
    19 | D        | Killed a meat berserker
    20 | D        | Noticed a large bag of meat
    21 | D        | Reached XP level 18. HP: 145/145 MP: 18/31
    22 | D        | Reached skill level 27 in Dodging
    24 | D        | Noticed a large bag of meat
    24 | D        | Noticed a large bag of meat
    26 | D        | Noticed a destroyer
    27 | D        | Noticed a large bag of meat
    27 | D        | Reached ****** piety under Makhleb
    27 | D        | Noticed a meat berserker
    28 | D        | Reached skill level 27 in Invocations
    28 | D        | Reached skill level 5 in Maces & Flails
    28 | D        | Reached skill level 5 in Unarmed Combat
    29 | D        | Killed a large bag of meat
    29 | D        | Noticed a large bag of meat
    30 | D        | Reached XP level 19. HP: 118/151 MP: 20/36
    30 | D        | Killed a destroyer
    31 | D        | Noticed a meat berserker
    32 | D        | Noticed a sculptor of flesh
    35 | D        | Noticed a sculptor of flesh
    36 | D        | Noticed a destroyer
    37 | D        | Killed a meat berserker
    37 | D        | Killed a large bag of meat
    37 | D        | Noticed a destroyer
    38 | D        | Reached XP level 20. HP: 117/157 MP: 21/40
    39 | D        | Killed a large bag of meat
    39 | D        | Noticed a destroyer
    40 | D        | Killed a destroyer
    40 | D        | Killed a large bag of meat
    40 | D        | Noticed a destroyer
    41 | D        | Killed a meat berserker
    42 | D        | Reached XP level 21. HP: 163/163 MP: 22/45
    42 | D        | Killed a large bag of meat
    43 | D        | Reached skill level 27 in Stealth
    43 | D        | Killed a large bag of meat
    43 | D        | Noticed a destroyer
    43 | D        | Noticed a destroyer
    47 | D        | Noticed a meat berserker
    48 | D        | Reached XP level 22. HP: 85/169 MP: 24/49
    48 | D        | Killed a destroyer
    49 | D        | Noticed a tyrant
    49 | D        | Noticed a large bag of meat
    51 | D        | Noticed a destroyer
    52 | D        | Noticed a destroyer
    54 | D        | Reached skill level 27 in Maces & Flails
    54 | D        | Reached skill level 27 in Unarmed Combat
    55 | D        | Reached skill level 27 in Polearms
    55 | D        | Reached skill level 27 in Spellcasting
    55 | D        | Reached XP level 23. HP: 175/175 MP: 26/54
    56 | D        | Killed a tyrant
    57 | D        | Killed a large bag of meat
    57 | D        | Killed a destroyer
    58 | D        | Reached skill level 27 in Long Blades
    58 | D        | Reached skill level 27 in Staves
    58 | D        | Noticed a tyrant
    59 | D        | Reached XP level 24. HP: 162/181 MP: 27/54
    59 | D        | Killed a destroyer
    59 | D        | Killed a destroyer
    60 | D        | Reached skill level 27 in Short Blades
    60 | D        | Reached skill level 1 in Slings
    60 | D        | Reached skill level 1 in Bows
    60 | D        | Reached skill level 1 in Crossbows
    60 | D        | Reached skill level 1 in Throwing
    60 | D        | Reached skill level 1 in Shields
    60 | D        | Reached skill level 1 in Conjurations
    60 | D        | Reached skill level 1 in Hexes
    60 | D        | Reached skill level 1 in Summonings
    60 | D        | Reached skill level 1 in Necromancy
    60 | D        | Reached skill level 1 in Translocations
    60 | D        | Reached skill level 1 in Transmutations
    60 | D        | Reached skill level 1 in Fire Magic
    60 | D        | Reached skill level 1 in Ice Magic
    60 | D        | Reached skill level 1 in Air Magic
    60 | D        | Reached skill level 1 in Earth Magic
    60 | D        | Reached skill level 1 in Poison Magic
    60 | D        | Reached skill level 1 in Evocations
    61 | D        | Reached skill level 5 in Shields
    61 | D        | Reached skill level 5 in Conjurations
    61 | D        | Reached skill level 5 in Earth Magic
    61 | D        | Killed a destroyer
    61 | D        | Noticed The Captor
    62 | D        | Reached skill level 10 in Earth Magic
    62 | D        | Reached XP level 25. HP: 178/187 MP: 27/54
    63 | D        | Noticed a destroyer
    64 | D        | Reached skill level 10 in Conjurations
    64 | D        | Killed a destroyer
    65 | D        | Reached skill level 10 in Slings
    65 | D        | Reached skill level 10 in Bows
    65 | D        | Reached skill level 10 in Crossbows
    65 | D        | Reached skill level 10 in Throwing
    65 | D        | Reached skill level 10 in Summonings
    65 | D        | Reached skill level 10 in Translocations
    65 | D        | Reached skill level 10 in Poison Magic
    66 | D        | Reached skill level 10 in Hexes
    66 | D        | Reached skill level 10 in Evocations
    66 | D        | Noticed a dread
    67 | D        | Noticed a large bag of meat
    70 | D        | Noticed a destroyer
    70 | D        | Noticed an accursed
    72 | D        | Killed a destroyer
    73 | D        | Reached skill level 15 in Earth Magic
    73 | D        | Reached XP level 26. HP: 167/193 MP: 31/54
    77 | D        | Reached skill level 15 in Shields
    77 | D        | Reached skill level 15 in Conjurations
    79 | D        | Reached skill level 15 in Fire Magic
    79 | D        | Noticed a large bag of meat
    79 | D        | Noticed a destroyer
    81 | D        | Reached skill level 15 in Bows
    81 | D        | Reached skill level 15 in Crossbows
    81 | D        | Reached skill level 15 in Ice Magic
    81 | D        | Reached skill level 15 in Poison Magic
    81 | D        | Noticed a meat beast
    81 | D        | Noticed a large bag of meat
    83 | D        | Killed a destroyer
    83 | D        | Killed a large bag of meat
    84 | D        | Reached skill level 15 in Slings
    84 | D        | Reached skill level 15 in Summonings
    84 | D        | Reached XP level 27. HP: 144/199 MP: 34/54
    84 | D        | Killed a tyrant
    85 | D        | Reached skill level 15 in Throwing
    85 | D        | Reached skill level 15 in Hexes
    85 | D        | Reached skill level 15 in Translocations
    85 | D        | Reached skill level 15 in Evocations
    86 | D        | Noticed a meat beast
    86 | D        | Killed a large bag of meat
    86 | D        | HP: 2/199 [something (12)]
    86 | D        | Noticed a tyrant
    86 | D        | Killed from afar by an accursed

Illustrated notes

Levels and vault maps discovered:
D:        meatsprint

Skill      XL: |  1  2  3  4  5  6  7  8  9 10 11 12 13 14 15 16 17 18 19 20 21 22 23 24 25 26 27 |
---------------+----------------------------------------------------------------------------------+-----
Axes           | 26 27 | 27.0
Fighting       | 13 16 20 25 27 | 27.0
Armour         | 13 16 19 25 27 | 27.0
Dodging        | 10 12 15 20 23 26 27 | 27.0
Invocations    | 18 27 | 27.0
Maces & Flails | 12 17 22 25 27 | 27.0
Polearms       | 11 16 20 23 27 | 27.0
Stealth        | 14 20 26 27 | 27.0
Unarmed Combat | 12 17 22 25 27 | 27.0
Spellcasting   | 11 16 20 23 27 | 27.0
Long Blades    | 3 16 27 | 27.0
Staves         | 4 18 27 | 27.0
Short Blades   | 18 27 | 27.0
Slings         | 7 12 15 | 15.5
Bows           | 8 13 16 | 16.5
Crossbows      | 8 13 16 | 16.6
Throwing       | 7 12 14 15 | 15.4
Shields        | 9 14 17 18 | 18.0
Conjurations   | 9 14 17 18 | 18.1
Hexes          | 7 12 14 15 | 15.3
Summonings     | 7 12 15 | 15.5
Necromancy     | 6 11 13 14 | 14.2
Translocations | 7 12 14 15 | 15.4
Transmutations | 6 11 13 14 | 14.3
Fire Magic     | 8 13 16 | 16.8
Ice Magic      | 8 13 16 | 16.6
Air Magic      | 6 11 13 14 | 14.2
Earth Magic    | 10 15 19 | 19.8
Poison Magic   | 8 13 16 | 16.6
Evocations     | 7 12 14 15 | 15.3

Action                   |  1- 3 |  4- 6 |  7- 9 | 10-12 | 13-15 | 16-18 | 19-21 | 22-24 | 25-27 || total
-------------------------+-------+-------+-------+-------+-------+-------+-------+-------+-------++-------
Melee: Executioner's axe |     1 |       |       |     1 |     5 |     7 |     8 |    10 |    14 ||    46
Invok: Greater Servant o |       |       |       |       |       |     1 |     1 |       |       ||     2
  Use: Scroll            |       |       |       |       |       |       |       |     1 |       ||     1
Armor: Leather armour    |       |       |       |       |       |       |     5 |     2 |     3 ||    10
Dodge: Dodged            |       |       |       |       |       |     1 |       |       |     4 ||     5

Table legend: (Time is in decaauts)
 A = Elapsed time spent in this place.
 B = Non-inter-level travel time spent in this place.
 C = Inter-level travel time spent in this place.
 D = Time resting spent in this place.
 E = Time spent auto-exploring this place.
 F = Levels seen in this place.
 G = Mean time per level.
                   A        B        C        D        E       F      G
               +--------+--------+--------+--------+--------+-----+--------+
         Total |     72 |     72 |      0 |      0 |      0 |   1 |   72.0 |
       Dungeon |     72 |     72 |      0 |      0 |      0 |   1 |   72.0 |
               +--------+--------+--------+--------+--------+-----+--------+

Top non-repeatable levels by time:
       D: 72 daAuts
